cohdb
Replays
Latest Replays
All Replays
Popular Replays
Top Player Replays
Match Explorer
How It Works
Community
CoH3 Stats
Reddit
Sign in to upload your games and track your stats! →
Sign in with Steam
Match 40718496
Unlisted
Match 40718496
Overview
Messages
Build Orders
End
Construct Section Command Post
Selects Canadian Shock Battlegroup
Dingo Light Scout Car
Infantry Section
Infantry Section
ML 3-inch Mortar Team
Construct Platoon Command Post
Selects Offensive Resupply
Selects Canadian Shock Section
Canadian Shock Section
Humber Armored Car
Selects Incendiary Munitions
Infantry Training
Construct Company Command Post
CMP 15cwt Truck
Foot Guards Section
Selects Smoke Operation
Matilda II Heavy Tank
Royal Engineer Section
Crusader II Medium Tank
Selects Pyrotechnics
Canadian Shock Section
Matilda II Heavy Tank
Selects Churchill Crocodile Heavy Tank
Royal Engineer Section
Churchill Crocodile Heavy Tank
Smoke Operation
Royal Engineer Section
Canadian Shock Section
Smoke Operation
DibbeTC
The Incredible Fella
Bluesberge17
peepeepres!dent
Logan5
Duckbert.
Toriah
James-B-C
0
0
Comments
sign in to comment!
No comments posted yet!